[Event "Carnaval"]
[Site "Quebec CAN"]
[Date "2014.01.26"]
[Round "3"]
[White "Lawson, Eric"]
[Black "Chabot, Roland"]
[Result "1/2-1/2"]
[ECO "B81"]
[WhiteElo "2381"]
[BlackElo "2173"]
[PlyCount "130"]
[EventDate "2014.01.24"]
[EventType "swiss"]
[EventRounds "5"]
[EventCountry "CAN"]
[TimeControl "900+10"]

1. e4 c5 2. Nf3 e6 3. d4 cxd4 4. Nxd4 Nf6 5. Nc3 d6 6. g4 h6 7. h3 Nc6 8. Bg2
Bd7 9. Nde2 a6 10. O-O b5 11. a3 Be7 12. f4 Qb6+ 13. Kh2 Rc8 14. Qd3 O-O 15.
Be3 Qc7 16. Ng3 Rfd8 17. Qe2 Be8 18. Rad1 Na5 19. g5 hxg5 20. fxg5 Nh7 21. Qg4
Nc4 22. Bc1 Ne5 23. Qh4 a5 24. Rf2 b4 25. axb4 axb4 26. Nb1 Qa7 27. Rdf1 Qa2
28. Nd2 Bxg5 29. Qh5 g6 30. Qd1 Be3 31. Re2 Bh6 32. Ref2 Be3 33. Re2 Bh6 34.
Ref2 Bg7 35. Ne2 Nc4 36. Nxc4 Qxc4 37. Nf4 Be5 38. Kh1 Rb8 39. Nd3 Bg7 40. b3
Qc7 41. Bd2 Bc3 42. h4 Qe7 43. Qg4 Bxd2 44. Rxd2 e5 45. h5 Qg5 46. Qxg5 Nxg5
47. hxg6 fxg6 48. Nb2 Bc6 49. Re1 Kf7 50. Nc4 Ke7 51. Kg1 Ne6 52. Red1 Nd4 53.
Rxd4 exd4 54. Rxd4 Be8 55. Bf1 Bf7 56. Ne3 Rdc8 57. Bc4 Bxc4 58. Nxc4 Rxc4 59.
Rxc4 Ke6 60. Kf2 Rb5 61. Ke3 Rc5 62. Rxb4 Rxc2 63. Rb8 g5 64. Rg8 Rc3+ 65. Kd4
Rxb3 1/2-1/2

[Event "Carnaval"]
[Site "Quebec CAN"]
[Date "2014.01.26"]
[Round "4"]
[White "Hebert, Jean"]
[Black "Lawson, Eric"]
[Result "1/2-1/2"]
[ECO "A27"]
[WhiteElo "2430"]
[BlackElo "2381"]
[PlyCount "77"]
[EventDate "2014.01.24"]
[EventType "swiss"]
[EventRounds "5"]
[EventCountry "CAN"]
[TimeControl "900+10"]

1. c4 e5 2. Nc3 Nc6 3. Nf3 g6 4. d4 exd4 5. Nxd4 Bg7 6. Nxc6 bxc6 7. g3 Ne7 8.
Bg2 O-O 9. O-O Rb8 10. Qc2 c5 11. b3 d6 12. Bb2 Bb7 13. Bxb7 Rxb7 14. Rad1 Nc6
15. e3 f5 16. Qd2 Kh8 17. Nd5 Qd7 18. Nf4 Re8 19. Bxg7+ Qxg7 20. Qd5 Rb6 21.
Qg2 Re4 22. Nd5 Rb8 23. Rd2 Nb4 24. Nf4 a5 25. Rc1 a4 26. Ne2 axb3 27. axb3
Ree8 28. Nc3 Ra8 29. Na4 Qe7 30. Qf3 Qe4 31. Qd1 h5 32. Nc3 Qb7 33. h4 Ra3 34.
Ra1 Rea8 35. Na4 Rxa1 36. Qxa1+ Kh7 37. Qf6 Qc6 38. Qe7+ Kh6 39. Qg5+ 1/2-1/2